AoeStats
← VakorTV

Nomad

506631291Analyzed
4v4 RM · 17d ago on Sep 14, 2026· 57m 43s· 8 players
Game mode
Random Map
Map size
231×231
Population
200
Speed
Normal
Resources
Standard
Victory
Conquest
Starting age
Dark Age
Ending age
Imperial Age
RankedLock teamsTeams togetherTeam positionsShared explorationLock speedFull tech treeHidden civsTurbo modeCheats
Victory
Defeat
🇯🇵 Malians · Japan
1222
+13
🇨🇳 Khmer · China
1214
+13
🇨🇳 Malay · China
1196
+14
🇦🇺 Cumans · Australia
1144
+16
🇫🇷 Sicilians · France
1184
-15
🇫🇷 Teutons · France
1146
-14
🇫🇷 Wei · France
1138
-14
🇨🇦 Japanese · Canada
1137
-13
Slayer30
6:45 Loom
16:37 Feudal Age
17:07 Fishing Lines
17:44 Double-Bit Axe
20:46 Castle Age
19:53 Wheelbarrow
19:04 Horse Collar
19:14 Town Watch
22:07 Bow Saw
21:59 Gillnets
22:14 Heavy Plow
24:33 Scale Mail Armor
24:43 Forging
23:59 Pikeman
24:51 Squires
26:53 Chain Mail Armor
33:43 Imperial Age
34:44 Town Patrol
35:53 Conscription
39:09 Halberdier
40:26 Plate Mail Armor
39:48 Fletching
40:54 Elite Serjeant
42:10 Hoardings
43:43 Hand Cart
50:59 Ballistics
51:39 Chemistry
50:46 Siege Engineers
50:52 Masonry
Lizard Bro
10:53 Loom
12:40 Feudal Age
14:08 Town Watch
14:52 Double-Bit Axe
17:37 Castle Age
15:44 Horse Collar
16:00 Gold Mining
16:16 Fishing Lines
18:37 Bow Saw
18:28 Heavy Plow
18:36 Gillnets
21:18 Medium Warships
30:24 Husbandry
31:41 Scale Barding Armor
54:57 Fletching
thegladiator989
5:57 Loom
15:29 Feudal Age
19:32 Wheelbarrow
22:29 Castle Age
20:19 Fishing Lines
20:42 Double-Bit Axe
22:04 Gold Mining
24:28 Hand Cart
24:52 Bow Saw
24:28 Horse Collar
24:41 Stone Mining
29:25 Fletching
30:29 Bodkin Arrow
34:36 Gillnets
34:30 Treadmill Crane
35:01 Clinker Construction
35:02 Masonry
35:15 Town Watch
35:49 Yasama
38:58 Imperial Age
39:37 Forging
39:27 Scale Mail Armor
39:23 Bodkin Arrow
40:17 Hoardings
39:32 Gambesons
41:01 Iron Casting
39:59 Pikeman
40:40 Squires
41:09 Ballistics
41:37 Chain Mail Armor
46:48 Plate Mail Armor
47:25 Conscription
51:09 Blast Furnace
50:57 Coinage
VakorTV
4:03 Loom
13:43 Feudal Age
14:38 Double-Bit Axe
15:20 Fletching
16:28 Town Watch
27:16 Horse Collar
35:30 Scale Mail Armor
38:03 Castle Age
38:59 Chain Mail Armor
38:16 Pikeman
KJI
5:18 Loom
14:39 Feudal Age
15:05 Double-Bit Axe
16:35 Forging
21:57 Castle Age
22:56 Medium Warships
24:30 Iron Casting
24:57 Stone Mining
24:57 Gold Mining
24:57 Stone Mining
25:21 Fletching
26:06 Fishing Lines
29:13 Bow Saw
29:45 Gillnets
31:19 Wheelbarrow
34:15 Imperial Age
31:48 Bodkin Arrow
32:15 Scale Barding Armor
32:06 Light Cavalry
32:57 Bloodlines
33:26 Gold Shaft Mining
35:31 Conscription
36:23 Farimba
36:44 Chain Barding Armor
38:32 Plate Barding Armor
39:52 Cavalier
41:58 Tigui
47:03 Chemistry
随机便投
4:08 Loom
15:18 Feudal Age
18:06 Castle Age
17:40 Wheelbarrow
17:35 Double-Bit Axe
20:00 Bloodlines
20:08 Fishing Lines
22:16 Bow Saw
31:28 Hand Cart
Campaign NPC
14:19 Loom
16:31 Feudal Age
20:40 Castle Age
19:09 Double-Bit Axe
20:09 Fishing Lines
20:38 Fletching
22:03 Stone Mining
24:19 Wheelbarrow
25:58 Scale Barding Armor
26:03 Forging
27:17 Forging
29:33 Bloodlines
30:18 Town Watch
33:55 Gillnets
34:38 Bodkin Arrow
38:16 Imperial Age
36:39 Chain Barding Armor
36:14 Light Cavalry
37:36 Steppe Husbandry
37:19 Horse Collar
38:01 Bow Saw
39:17 Iron Casting
38:40 Elite Steppe Lancer
39:57 Gold Mining
41:59 Plate Barding Armor
43:14 Hussar
44:06 Heavy Plow
47:42 Blast Furnace
51:33 Conscription
53:15 Coinage
54:27 Cavalier
57:14 Paladin
SkullBump
4:22 Loom
15:47 Feudal Age
19:58 Castle Age
17:53 Stone Mining
18:33 Double-Bit Axe
19:48 Fletching
20:47 Bodkin Arrow
22:35 Forging
22:26 Squires
22:12 Arson
Connection lost

Rejoining the realm…

Still unreachable

The connection could not be restored.

Session expired

The server has moved on; the page needs a fresh start.